[Event "Sparkassen Open 2018"]
[Site "Heusenstamm"]
[Date "2018.11.25"]
[Round "7"]
[White "Milov, Leonid"]
[Black "Haag, Martin"]
[Result "1-0"]
[ECO "B07"]
[WhiteElo "2481"]
[BlackElo "2186"]
[Annotator "RC"]
[PlyCount "127"]
[EventDate "2018.11.22"]
[EventType "swiss"]
[EventCountry "GER"]
[SourceTitle "playchess.com"]
[Source "ChessBase"]
[SourceQuality "1"]
[TimeControl "40/5400+30:1800+30"]

1. e4 d6 2. d4 Nf6 3. Nc3 e5 4. dxe5 dxe5 5. Qxd8+ Kxd8 6. Bg5 Be6 7. O-O-O+ Nbd7 8. f4 exf4 9. Nf3 h6 10. Bxf4 Ng4 11. Nb5 Nf2 12. Nxc7 Nxd1 13. Bb5 Nf2 14. Rf1 Bc5 15. Nxa8 g5 16. Bg3 Nxe4 17. Nc7 Nxg3 18. Nxe6+ fxe6 19. hxg3 Nb6 20. Ne5 Rf8 21. Rd1+ Kc7 22. Be2 Bd6 23. Nd3 Nd5 24. Rh1 Rf6 25. Rh3 Nb4 26. Kd2 Nxd3 27. Kxd3 a5 28. g4 Bf8 29. Bf3 Rf4 30. c3 b5 31. Rh1 Bg7 32. Re1 Kd6 33. Rd1 Kc7 34. a3 Rf8 35. Re1 Kd6 36. Kc2 Rf4 37. Rd1+ Kc7 38. Rd3 Rf8 39. Re3 Kd6 40. Kb3 Rb8 41. Re4 Bf6 42. Kc2 Rc8 43. Kd3 Rb8 44. Kc2 Rb6 45. Be2 Rb7 46. Kb3 Rb8 47. Re3 Rb6 48. Bd3 Rb8 49. Bb1 b4 50. cxb4 axb4 51. a4 Bd4 52. Rf3 Kd5 53. Rf7 e5 54. Rd7+ Kc6 55. Rh7 Kd5 56. Rd7+ Kc5 57. Be4 Rf8 58. Rd5+ Kb6 59. Rb5+ Ka6 60. Bf5 h5 61. Bd3 Ka7 62. gxh5 g4 63. h6 e4 64. Rxb4 1-0

[Event "Sparkassen Open 2018"]
[Site "Heusenstamm"]
[Date "2018.11.25"]
[Round "7"]
[White "Geske, Julian"]
[Black "Chandler, Patrick"]
[Result "1/2-1/2"]
[ECO "C41"]
[WhiteElo "2382"]
[BlackElo "2138"]
[Annotator "NA"]
[PlyCount "129"]
[EventDate "2018.11.22"]
[EventType "swiss"]
[EventCountry "GER"]
[SourceTitle "playchess.com"]
[Source "ChessBase"]
[SourceQuality "1"]
[TimeControl "40/5400+30:1800+30"]

1. e4 e5 2. Nf3 d6 3. d4 Nc6 4. Bb5 f6 {[%emt 0:00:53] C62: Ruy Lopez: Steinitz Defence} (4... Bd7 5. Nc3 exd4 6. Nxd4 Nf6 7. O-O Be7 8. Bf4 O-O 9. Re1 Nxd4 10. Qxd4 Bxb5 11. Nxb5 Nd7 12. Qc4 a6 13. Nc3 Bf6 14. Nd5 Rc8 15. Qb4 b6 16. Rad1 Re8 17. b3 Be5 18. Be3 a5 19. Qd2 Nf6 20. Bg5 {½-½ (59) Navara,D (2740)-Andriasian,Z (2585) Katowice 2017}) 5. O-O Bd7 6. c3 Nge7 7. Nh4 g6 8. a4 $146 ({Predecessor:} 8. f4 Bg7 9. f5 Na5 10. Bd3 c5 11. d5 b5 12. Be3 Qc7 13. Qd2 O-O-O 14. b4 {1-0 (34) Kovac,M (2096)-Gabor,A (2030) Hungary 2004}) 8... Bg7 9. Bc4 Qc8 10. f4 exf4 11. Bxf4 Nd8 12. Nd2 Be6 13. Bxe6 Qxe6 14. Qc2 O-O 15. Bg3 Nf7 16. Rae1 Rae8 17. Qd3 Qd7 18. Qb5 c6 19. Qb3 d5 20. Nhf3 Kh8 21. exd5 cxd5 22. Bf4 g5 23. Bg3 Ng6 24. Rxe8 Rxe8 25. Qd1 f5 26. Re1 f4 27. Bf2 Bf6 28. Rxe8+ Qxe8 29. c4 g4 30. Ne1 h5 31. cxd5 Kg7 32. Nb1 Qd7 33. Nc3 h4 34. Nc2 Qf5 35. Qe2 Ng5 36. Be1 g3 37. Kh1 f3 38. Ne3 Qf4 39. gxf3 Bxd4 40. Ng2 Qxf3 41. d6 h3 (41... Qf5 $19 42. Nxh4 {[%mdl 64] Remove Defender} Nxh4 43. Bxg3 Ng6) 42. Qxf3 Nxf3 43. Bxg3 hxg2+ 44. Kxg2 Nfe5 45. Nb5 Bc5 46. b4 Bxb4 47. Nxa7 Bxd6 48. Nb5 Bb4 49. Kf2 Bc5+ 50. Ke2 Kh6 51. Kd2 Kg5 52. Kc3 Kg4 53. Nc7 Bb6 54. Nd5 Bc5 (54... Bd8 $17 55. Ne3+ Kf3) 55. Nc7 Bb6 56. Nd5 Ba5+ 57. Kd4 Nd7 58. Bc7 Be1 59. Kc4 Kf5 60. a5 Ke4 61. Nb4 Ne7 62. a6 Bxb4 63. axb7 Nd5 64. b8=Q Nxb8 $11 65. Bxb8 1/2-1/2

[Event "Sparkassen Open 2018"]
[Site "Heusenstamm"]
[Date "2018.11.25"]
[Round "7"]
[White "Kersten, Uwe"]
[Black "Gutman, Lev"]
[Result "0-1"]
[ECO "A45"]
[WhiteElo "2233"]
[BlackElo "2434"]
[Annotator "RC"]
[PlyCount "68"]
[EventDate "2018.11.22"]
[EventType "swiss"]
[EventCountry "GER"]
[SourceTitle "playchess.com"]
[Source "ChessBase"]
[SourceQuality "1"]
[TimeControl "40/5400+30:1800+30"]

1. d4 Nf6 2. Bg5 Ne4 3. Bf4 d5 4. e3 g6 5. Bd3 Nd6 6. Nc3 c6 7. e4 dxe4 8. Nxe4 Nxe4 9. Bxe4 Nd7 10. Qd2 Nf6 11. Bf3 Nd5 12. Be5 f6 13. Bg3 h5 14. Be4 Kf7 15. h4 Bh6 16. f4 Bg4 17. c4 Nb6 18. Qd3 f5 19. Bf3 Qd6 20. Bxg4 hxg4 21. Kd1 Nd7 22. Kc2 Nf6 23. Re1 Rad8 24. Ne2 Ne4 25. Rhf1 Bg7 26. Rd1 c5 27. d5 Qb6 28. b3 Qf6 29. Rb1 Qa6 30. a4 e6 31. Rfd1 exd5 32. cxd5 c4 33. bxc4 Rc8 34. Rb5 Qxa4+ 0-1

[Event "Sparkassen Open 2018"]
[Site "Heusenstamm"]
[Date "2018.11.25"]
[Round "7"]
[White "Jansen, Dirk Norbert"]
[Black "Fruebing, Stefan"]
[Result "1/2-1/2"]
[ECO "B38"]
[WhiteElo "2209"]
[BlackElo "2406"]
[Annotator "NA"]
[PlyCount "31"]
[EventDate "2018.11.22"]
[EventType "swiss"]
[EventCountry "GER"]
[SourceTitle "playchess.com"]
[Source "ChessBase"]
[SourceQuality "1"]
[TimeControl "40/5400+30:1800+30"]

1. e4 c5 2. Nf3 Nc6 3. d4 cxd4 4. Nxd4 g6 5. c4 Bg7 6. Be3 Nf6 7. Nc3 d6 8. Be2 O-O 9. Qd2 Nxd4 10. Bxd4 a5 11. Rd1 a4 12. O-O Be6 13. f4 Qa5 14. b3 axb3 15. axb3 Rfc8 16. Bd3 1/2-1/2

[Event "Sparkassen Open 2018"]
[Site "Heusenstamm"]
[Date "2018.11.25"]
[Round "7"]
[White "Henrich, Thomas"]
[Black "Baskin, Robert"]
[Result "0-1"]
[ECO "B18"]
[WhiteElo "2207"]
[BlackElo "2354"]
[Annotator "NA"]
[PlyCount "36"]
[EventDate "2018.11.22"]
[EventType "swiss"]
[EventCountry "GER"]
[SourceTitle "playchess.com"]
[Source "ChessBase"]
[SourceQuality "1"]
[TimeControl "40/5400+30:1800+30"]

1. e4 c6 2. d4 d5 3. Nd2 dxe4 4. Nxe4 Bf5 5. Qf3 e6 6. Ne2 Nd7 7. N2g3 Bg6 8. Bd3 Ngf6 9. O-O Be7 10. Bf4 O-O 11. c3 Nd5 12. Bd6 f5 13. Bxe7 Qxe7 14. Nd2 e5 15. Bc4 e4 16. Qe2 N7b6 17. f4 Qh4 18. Qf2 e3 0-1

[Event "Sparkassen Open 2018"]
[Site "Heusenstamm"]
[Date "2018.11.25"]
[Round "7"]
[White "Henrich, David"]
[Black "Paszewski, Mateusz"]
[Result "1/2-1/2"]
[ECO "A11"]
[WhiteElo "2141"]
[BlackElo "2346"]
[Annotator "NA"]
[PlyCount "42"]
[EventDate "2018.11.22"]
[EventType "swiss"]
[EventCountry "GER"]
[SourceTitle "playchess.com"]
[Source "ChessBase"]
[SourceQuality "1"]
[TimeControl "40/5400+30:1800+30"]

1. c4 c6 2. Nf3 d5 3. e3 Nf6 4. Nc3 e6 5. b3 Bd6 6. Bb2 O-O 7. Be2 b6 8. d4 Bb7 9. O-O Nbd7 10. Qc2 Qe7 11. cxd5 exd5 12. a3 Rfe8 13. Rfe1 Rac8 14. Bf1 Ne4 15. Nxe4 dxe4 16. Nd2 c5 17. Qd1 cxd4 18. Bxd4 Ne5 19. Nc4 Bb8 20. Nxe5 Bxe5 21. Bxe5 Qxe5 1/2-1/2

[Event "Sparkassen Open 2018"]
[Site "Heusenstamm"]
[Date "2018.11.25"]
[Round "7"]
[White "Engel, Berthold"]
[Black "Alber, Horst"]
[Result "1/2-1/2"]
[ECO "B06"]
[WhiteElo "2129"]
[BlackElo "2287"]
[Annotator "NA"]
[PlyCount "30"]
[EventDate "2018.11.22"]
[EventType "swiss"]
[EventCountry "GER"]
[SourceTitle "playchess.com"]
[Source "ChessBase"]
[SourceQuality "1"]
[TimeControl "40/5400+30:1800+30"]

1. e4 g6 2. c3 c5 3. Nf3 Bg7 4. Qc2 d6 5. Bb5+ Bd7 6. Bxd7+ Qxd7 7. d3 Nc6 8. O-O Nf6 9. Nbd2 O-O 10. Re1 Ne8 11. Nb3 Rc8 12. Be3 b6 13. d4 cxd4 14. Nbxd4 Nxd4 15. Bxd4 Bxd4 1/2-1/2

[Event "Sparkassen Open 2018"]
[Site "Heusenstamm"]
[Date "2018.11.25"]
[Round "7"]
[White "Burkhardt, Holger"]
[Black "Klundt, Klaus"]
[Result "1-0"]
[ECO "A45"]
[WhiteElo "2005"]
[BlackElo "2313"]
[Annotator "NA"]
[PlyCount "79"]
[EventDate "2018.11.22"]
[EventType "swiss"]
[EventCountry "GER"]
[SourceTitle "playchess.com"]
[Source "ChessBase"]
[SourceQuality "1"]
[TimeControl "40/5400+30:1800+30"]

1. d4 Nf6 2. Nc3 d5 3. Bf4 e6 4. Nb5 Na6 5. a3 c6 6. Nc3 Bd6 7. e3 b6 8. Nf3 Bxf4 9. exf4 O-O 10. Ne5 c5 11. Bd3 cxd4 12. Nb5 Nc5 13. Nxd4 Bb7 14. O-O Rc8 15. Re1 Qd6 16. Re3 Nxd3 17. Qxd3 Ne4 18. Rae1 Rfe8 19. f3 f6 20. Nb5 Qe7 21. Ng4 Nc5 22. Qe2 Ba6 23. c4 dxc4 24. Nc3 Rcd8 25. f5 e5 26. f4 Nd3 27. fxe5 fxe5 28. f6 gxf6 29. Rf1 Rf8 30. Ne4 Kh8 31. Nexf6 Qg7 32. Rh3 Rxf6 33. Nxf6 h6 34. Qe3 Nf4 35. Rxf4 exf4 36. Qxf4 Qf8 37. Rxh6+ Kg7 38. Nh5+ Kg8 39. Qg5+ Kf7 40. Qf6+ 1-0